 Dungeon Crawl Stone Soup version 0.26-a0-720-g2a1d101370 (webtiles) character file.

Game seed: 8714945984202290801

54767 mandarbmax the Fighter (level 14, -5/115 HPs)
             Began as a Demonspawn Venom Mage on Nov 2, 2020.
             Was a High Priest of Ashenzari.
             Slain by a hornet (11 damage)
             ... on level 6 of the Lair of Beasts on Nov 4, 2020.
             The game lasted 01:43:27 (28002 turns).

mandarbmax the Fighter (Demonspawn Venom Mage)     Turns: 28002, Time: 01:43:28

Health: -5/115     AC:  5    Str: 14    XL:     14   Next: 35%
Magic:  0/36       EV: 21    Int: 19    God:    Ashenzari [*****.]
Gold:   420        SH: 17    Dex: 14    Spells: 9/31 levels left

rFire    + . .     SeeInvis +   a - staff of poison (curse)
rCold    x . .     Faith    +   O - +2 tower shield (curse)
rNeg     . . .     Spirit   +   D - +2 robe {MR+} (curse)
rPois    +         Reflect  .   (helmet unavailable)
rElec    .         Harm     .   y - +2 cloak (curse)
rCorr    .         Rampage  .   e - +1 pair of gloves (curse)
MR       ++...     Clarity  +   d - +2 pair of boots (curse)
Stlth    +++.......             c - amulet of faith
HPRegen  0.29/turn              G - +4 ring of evasion (curse)
MPRegen  0.50/turn              R - ring of Ihu Daog {Fire +Blink MP+9 Str+3 SInv} (curse)

@: corroded
A: antennae 3, slimy green scales 3, demonic guardian 1, magic shield, magic
regeneration
a: Curse Item, Scrying, Transfer Knowledge, Renounce Religion, Evoke Blink


You were on level 6 of the Lair of Beasts.
You worshipped Ashenzari.
Ashenzari was extremely pleased with you.
You visited 4 branches of the dungeon, and saw 19 of its levels.
You also visited: Bailey, Gauntlet and Ice Cave.

You collected 2647 gold pieces.
You spent 2227 gold pieces at shops.

Inventory:

Hand Weapons
 E - the +8 short sword "Xeutek" {freeze, Int+4 Dex+6}
   (You found it on level 5 of the Lair of Beasts)

   It has been specially enchanted to freeze those struck by it, causing extra
   injury to most foes and up to half again as much damage against particularly
   susceptible opponents.
   It can also slow down cold-blooded creatures.
   It affects your intelligence (+4).
   It affects your dexterity (+6).
Missiles
 o - 17 poisoned darts (quivered)
 v - 4 curare-tipped darts
 K - 2 throwing nets
Armour
 d - a cursed +2 pair of boots (worn)
 e - a cursed +1 pair of gloves (worn)
 g - cursed +0 acid dragon scales
 u - the +4 chain mail of Uhedwud {rPois Regen+ MP-9 Stlth+}
   (You found it on level 2 of the Lair of Beasts)

   It protects you from poison.
   It affects your magic capacity (-9).
   It increases your rate of regeneration.
   It makes you more stealthy.
 y - a cursed +2 cloak (worn)
 D - a cursed +2 robe of magic resistance (worn)
 M - a +1 pair of gloves of strength
 O - a cursed +2 tower shield (worn)
 P - the +4 cloak of the Evil One {rElec rF+++ Dex-5}
   (You bought it in a shop on level 2 of the Orcish Mines)

   It affects your dexterity (-5).
   It renders you almost immune to fire.
   It insulates you from electricity.
 W - a +2 buckler of protection
Magical Staves
 a - a cursed staff of poison (weapon)
Jewellery
 c - an amulet of faith (around neck)
 l - a +6 ring of intelligence
 G - a cursed +4 ring of evasion (left hand)
 R - the cursed ring of Ihu Daog (right hand) {Fire +Blink MP+9 Str+3 SInv}
   (You bought it in a shop on level 1 of the Orcish Mines)

   [ring of fire]

   It enhances your fire magic.
   It affects your strength (+3).
   It protects you from fire.
   It makes you vulnerable to cold.
   It affects your magic capacity (+9).
   It lets you see invisible.
   It lets you blink.
   It has a curse placed upon it.
 T - the amulet "Xiecozxa" {Acrobat rElec Dex-3 Slay+5 SInv}
   (You found it in a Gauntlet)

   [amulet of the acrobat]

   It helps you evade while moving and waiting.
   It affects your dexterity (-3).
   It affects your accuracy and damage with ranged weapons and melee attacks
   (+5).
   It insulates you from electricity.
   It lets you see invisible.
 U - the ring "Fotywaos" {rC++ AC+4 Str+3 Stlth-}
   (You found it in a Gauntlet)

   [ring of protection]

   It affects your AC (+4).
   It affects your strength (+3).
   It greatly protects you from cold.
   It makes you less stealthy.
 Y - an uncursed amulet of reflection
Wands
 i - a wand of iceblast (11)
 m - a wand of disintegration (30)
 s - a wand of digging (7)
 A - a wand of flame (19)
 X - a wand of paralysis (9)
Scrolls
 b - a scroll of silence
 j - 2 scrolls of amnesia
 q - 11 scrolls of teleportation
 t - a scroll of magic mapping
 H - a scroll of summoning
 N - a scroll of remove curse
 S - 6 scrolls of identify
Potions
 f - 2 potions of invisibility
 k - 3 potions of magic
 n - a potion of brilliance
 p - a potion of haste
 r - a potion of ambrosia
 w - 2 potions of cancellation
 x - 5 potions of stabbing
 B - 3 potions of might
 C - a potion of mutation
 J - a potion of curing
Miscellaneous
 I - a condenser vane (1/2)
 L - a phantom mirror
 Q - a box of beasts (2/3)


   Skills:
 - Level 12.0 Fighting
 - Level 5.3(8.0) Staves
 + Level 4.5 Armour
 - Level 8.4(12.3) Dodging
 - Level 2.0(5.0) Stealth
 - Level 6.2(9.0) Shields
 - Level 9.0 Spellcasting
 - Level 5.3(8.0) Conjurations
 - Level 9.0(11.5) Necromancy
 - Level 1.0(2.5) Transmutations
 - Level 2.2(4.3) Fire Magic
 - Level 2.2(4.3) Ice Magic
 - Level 5.3(8.0) Air Magic
 - Level 9.0(11.5) Poison Magic
 - Level 4.7(8.6) Evocations


You had 9 spell levels left.
You knew the following spells:

 Your Spells              Type           Power        Failure   Level
a - Olgreb's Toxic Radia  Pois           ######..     5%          4
b - Poisonous Vapours     Pois/Air       ######       1%          2
c - Mephitic Cloud        Conj/Pois/Air  ######..     4%          3
d - Ignite Poison         Fire/Tmut/Pois ######..     16%         3
e - Freezing Cloud        Conj/Ice/Air   ####......   99%         6
z - Animate Dead          Necr           ######....   5%          4

Your spell library contained the following spells:

 Spells                   Type           Power        Failure   Level
 Animate Skeleton         Necr           ######       1%          1
 Pain                     Necr           ####         1%          1
 Vampiric Draining        Necr           ######....   1%          3
 Magic Dart               Conj           ####         2%          1
 Shock                    Conj/Air       ####         2%          1
 Sting                    Tmut/Pois      ####         3%          1
 Searing Ray              Conj           #####.       3%          2
 Swiftness                Air            #####...     3%          2
 Static Discharge         Conj/Air       #####...     7%          3
 Conjure Flame            Conj/Fire      #####...     16%         3
 Agony                    Necr           ######..     16%         5
 Airstrike                Air            #####.....   24%         4
 Dazzling Flash           Conj/Hex       ###...       34%         3
 Lightning Bolt           Conj/Air       #####.....   54%         5
 Fulminant Prism          Conj/Hex       ###.......   75%         4
 Iskenderun's Mystic Bla  Conj/Tloc      ###.....     75%         4
 Confusing Touch          Hex            #.......     86%         3
 Gell's Gravitas          Tloc           #.........   86%         3
 Petrify                  Tmut/Erth      ##......     98%         4
 Metabolic Englaciation   Hex/Ice        ###.......   100%        5
 Yara's Violent Unravell  Hex/Tmut       ##........   100%        5


Dungeon Overview and Level Annotations

Branches:
Dungeon (10/15)            Temple (1/1) D:7            Lair (6/6) D:9
 Shoals (0/4) Lair:4       Spider (0/4) Lair:2        Slime (0/5) Lair:6
    Orc (2/2) D:10            Elf (0/3) Orc:2        Bailey (visited)
  IceCv (visited)         Gauntlet (visited)

Altars:
Ashenzari
Cheibriados
Dithmenos
Elyvilon
Fedhas
Gozag
Hepliaklqana
Kikubaaqudgha
Makhleb
Nemelex Xobeh
Okawaru
Qazlal
Ru
Sif Muna
Trog
Uskayaw
Vehumet
Wu Jian
Xom
Yredelemnul
Zin
The Shining One
Beogh

Shops:
Orc:1 [=   Orc:2 *(:[

Annotations:
Lair:6 exclusion: 3 oklob plants


Innate Abilities, Weirdness & Mutations

You have a pair of large antennae on your head. (SInv)
You are completely covered in slimy green scales. (AC +4, rPois)
A weak demonic guardian rushes to your aid.
When hurt, damage is shared between your health and your magic reserves.
You regenerate magic rapidly.


Message History

* * * LOW HITPOINT WARNING * * *
The hornet completely misses you. You block the hornet's attack.
Unknown command.
Okay, then.
As you read the scroll of summoning, it crumbles to dust.
Wisps of shadow whirl around you... The hornet closely misses you.
You block the hornet's attack. x2; The lindwurm bites you!
* * * LOW HITPOINT WARNING * * *
You block the lindwurm's attack. The lindwurm claws you.
Unknown command.
You feel better. The hornet stings you!
* * * LOW HITPOINT WARNING * * *
You block the hornet's attack. x2; The hornet misses you.
You block the hornet's attack.
Your blink frog hits the hornet.
Your blink frog hits the lindwurm but does no damage.
Your blink frog hits the hornet.
Your blink frog blinks!
The lindwurm completely misses you. The lindwurm closely misses you.
The lindwurm misses you. The hornet stings you!
You die... ,* , ,, ,, * ## ..## ,* ,, *F#...## ,* * , *,* *F#YYP### * , * ** #.Y.PPP ** , * , * ##!...Y# * , ,,, , #.F.F§Y## *,, , *, * #.FkyyYP#

*, , ,
, * *
#y@y#**
, #####
, * * ,
* **, *
, **,
,, , ,
* , **
* , ,{,
,* *, *
* , *
** *,


You could see a lindwurm, 4 hornets, 6 friendly elephants and 5 friendly blink
frogs.

Vanquished Creatures
  Jorgrun (Orc:2)
  An orc warlord (Orc:2)
  Snorg (Lair:3)
  An ice dragon (Lair:5)
  3 hydras
  A catoblepas (Lair:4)
  A two-headed ogre (D:8)
  An orc high priest (Orc:2)
  Urug (Orc:2)
  4 orc knights
  2 ugly things (IceCv)
  3 oklob plants
  A deep elf mage (D:8)
  A cyclops (Orc:1)
  5 orc sorcerers
  10 elephants
  4 black mambas
  3 ice statues
  13 cane toads
  Maggie (Lair:1)
  Psyche (D:9)
  6 komodo dragons
  4 rime drakes
  7 trolls
  2 queen bees
  2 polar bears (Lair:5)
  11 blink frogs
  Prince Ribbit (D:9)
  5 dream sheep (Lair:4)
  2 shadows (Gauntlet)
  2 wyverns
  2 spriggans (Lair:5)
  34 yaks
  3 basilisks (Lair:4)
  A steam dragon (Lair:2)
  3 wargs
  A hell hound (Gauntlet)
  6 water moccasins
  35 orc warriors
  14 ice beasts
  3 sky beasts
  6 black bears
  3 centaurs
  3 phantoms
  9 ogres
  19 wolves
  A big kobold (D:8)
  13 bullfrogs
  3 scorpions
  6 wights
  2 howler monkeys
  24 killer bees
  3 jellies
  A centaur zombie (D:9)
  A quasit (D:5)
  8 hounds
  20 orc priests
  A bullfrog skeleton (D:5)
  A centaur skeleton (D:4)
  27 orc wizards
  4 iguanas
  8 worker ants
  A hound skeleton (D:5)
  A worker ant zombie (D:5)
  10 adders
  2 shadow imps
  18 white imps
  3 ufetubi
  An ooze (D:2)
  An adder skeleton (D:4)
  8 worms
  2 dart slugs (D:1)
  2 leopard geckos
  75 orcs
  2 ball pythons (D:5)
  5 bats
  9 giant cockroaches
  14 goblins
  7 hobgoblins
  10 jackals
  25 kobolds
  2 quokkas
  9 frilled lizards
  7 rats
580 creatures vanquished.

Vanquished Creatures (collateral kills)
  A minotaur (Gauntlet)
  A hell beast (Gauntlet)
  Maurice (D:8)
  Grinder (D:5)
  A blink frog (Lair:1)
  5 yaks (Lair:3)
  A hell hound (Gauntlet)
  An orc warrior (D:8)
  2 bullfrogs
  2 wights (D:6)
  2 orc wizards
  5 orcs
  A goblin (Bailey)
24 creatures vanquished.

Vanquished Creatures (others)
  An orc wizard (D:5)
  A frilled lizard (D:5)
  50 fungi
  93 plants
  16 withered plants (Gauntlet)
161 creatures vanquished.

Grand Total: 765 creatures vanquished

Notes
Turn   | Place    | Note
-------+----------+-------------------------------------------
     0 | D:1      | mandarbmax the Demonspawn Venom Mage began the quest for
                  | the Orb.
     0 | D:1      | Reached XP level 1. HP: 13/13 MP: 3/3
   104 | D:1      | Gained mutation: You are partially covered in slimy green
                  | scales. (AC +2) [demonic ancestry]
   104 | D:1      | Reached XP level 2. HP: 9/19 MP: 0/5
   291 | D:1      | Learned a level 2 spell: Poisonous Vapours
  1369 | D:2      | Gained mutation: A weak demonic guardian rushes to your
                  | aid. [demonic ancestry]
  1369 | D:2      | Reached XP level 3. HP: 3/24 MP: 1/7
  2059 | D:2      | Learned a level 3 spell: Mephitic Cloud
  2063 | D:2      | Learned a level 3 spell: Ignite Poison
  2246 | D:2      | Reached XP level 4. HP: 10/30 MP: 0/10
  3805 | D:3      | Reached XP level 5. HP: 35/35 MP: 4/11
  4767 | D:4      | Noticed an ogre
  4774 | D:4      | Killed an ogre
  5036 | D:4      | Reached XP level 6. HP: 41/41 MP: 6/13
  5147 | D:4      | Reached skill level 5 in Spellcasting
  5147 | D:4      | Reached skill level 5 in Poison Magic
  5147 | D:4      | Reached skill level 1 in Transmutations
  5147 | D:4      | Reached skill level 1 in Fighting
  5176 | D:4      | Reached skill level 2 in Fighting
  5567 | D:4      | Reached skill level 3 in Fighting
  5748 | D:5      | Entered Level 5 of the Dungeon
  5825 | D:5      | Found a radiant altar of Vehumet.
  5848 | D:5      | Reached XP level 7. HP: 52/52 MP: 7/14
  6740 | D:5      | Learned a level 4 spell: Olgreb's Toxic Radiance
  6847 | D:5      | Reached skill level 1 in Evocations
  7544 | D:5      | Gained mutation: You have a pair of small antennae on your
                  | head. [demonic ancestry]
  7544 | D:5      | Reached XP level 8. HP: 55/58 MP: 2/17
  8168 | D:5      | Noticed Grinder
  8177 | D:5      | Killed Grinder
  8191 | D:5      | Reached skill level 4 in Fighting
  8508 | D:6      | Identified the +10 quarterstaff "Toutebet" {freeze, *Rage
                  | rElec rF+}
  9026 | D:6      | Reached skill level 1 in Conjurations
  9230 | D:6      | Reached skill level 1 in Fire Magic
  9230 | D:6      | Reached skill level 1 in Air Magic
  9230 | D:6      | Gained mutation: You have a pair of antennae on your head.
                  | [demonic ancestry]
  9230 | D:6      | Reached XP level 9. HP: 65/65 MP: 13/19
  9540 | D:6      | Learned a level 4 spell: Animate Dead
  9599 | D:6      | Reached skill level 1 in Necromancy
 10197 | D:7      | Found a staircase to the Ecumenical Temple.
 10206 | Temple   | Entered the Ecumenical Temple
 10406 | Temple   | Became a worshipper of Ashenzari the Shackled
 11258 | D:7      | Found a snail-covered altar of Cheibriados.
 11475 | D:8      | Reached skill level 5 in Necromancy
 11541 | D:8      | Found a flagged portal.
 11612 | Bailey   | Entered a bailey
 11916 | Bailey   | Found a burning altar of Makhleb.
 12070 | D:8      | Found a basalt altar of Yredelemnul.
 12098 | D:8      | Noticed a two-headed ogre
 12103 | D:8      | Killed a two-headed ogre
 12103 | D:8      | Reached skill level 5 in Fighting
 12103 | D:8      | Gained mutation: You are mostly covered in slimy green
                  | scales. (AC +3) [demonic ancestry]
 12103 | D:8      | Reached XP level 10. HP: 76/76 MP: 9/22
 12251 | D:8      | Noticed a deep elf mage
 12256 | D:8      | Killed a deep elf mage
 12256 | D:8      | Reached skill level 6 in Fighting
 12256 | D:8      | Reached skill level 5 in Dodging
 12430 | D:8      | Reached * piety under Ashenzari
 12432 | D:8      | Found an ancient bone altar of Kikubaaqudgha.
 12433 | D:8      | Noticed Maurice
 12672 | D:8      | Found a glowing silver altar of Zin.
 12877 | D:8      | Killed Maurice
 13192 | D:8      | Found a bloodstained altar of Trog.
 13436 | D:9      | Noticed Psyche
 13442 | D:9      | Killed Psyche
 13697 | D:9      | Reached skill level 7 in Fighting
 13820 | D:9      | Found a stormy altar of Qazlal.
 13857 | D:9      | Found a staircase to the Lair.
 14034 | D:9      | Found a shimmering blue altar of Sif Muna.
 14060 | D:9      | Reached skill level 8 in Fighting
 14304 | D:9      | Noticed Prince Ribbit
 14314 | D:9      | Killed Prince Ribbit
 14548 | D:9      | Found a shimmering blue altar of Sif Muna.
 14548 | D:9      | Noticed an oklob plant
 14567 | D:9      | Killed an oklob plant
 15015 | D:9      | Found a stormy altar of Qazlal.
 15111 | D:10     | Entered Level 10 of the Dungeon
 15209 | Lair:1   | Entered Level 1 of the Lair of Beasts
 15229 | Lair:1   | Reached ** piety under Ashenzari
 15253 | Lair:1   | Noticed a cane toad
 15447 | D:10     | Gained mutation: You have a pair of large antennae on your
                  | head. (SInv) [demonic ancestry]
 15447 | D:10     | Reached XP level 11. HP: 86/86 MP: 15/23
 16195 | D:10     | Found a staircase to the Orcish Mines.
 16200 | Orc:1    | Entered Level 1 of the Orcish Mines
 16200 | Orc:1    | Noticed an orc knight
 16205 | Orc:1    | Killed an orc knight
 16550 | Orc:1    | Noticed an orc knight
 16789 | Orc:1    | Killed an orc knight
 17143 | Orc:1    | Found Ydurphiru's Jewellery Emporium.
 17376 | Orc:2    | Entered Level 2 of the Orcish Mines
 17381 | Orc:2    | Noticed Jorgrun
 17656 | Orc:2    | Killed Jorgrun
 18005 | Orc:2    | Noticed an orc knight
 18007 | Orc:2    | Noticed an orc sorcerer
 18011 | Orc:2    | Killed an orc sorcerer
 18013 | Orc:2    | Killed an orc knight
 18013 | Orc:2    | Reached skill level 1 in Staves
 18386 | Orc:2    | Noticed an orc sorcerer
 18390 | Orc:2    | Killed an orc sorcerer
 18390 | Orc:2    | Gained mutation: When hurt, damage is shared between your
                  | health and your magic reserves. [demonic ancestry]
 18390 | Orc:2    | Reached XP level 12. HP: 80/94 MP: 3/25
 18565 | Orc:2    | Noticed Urug
 18572 | Orc:2    | Killed Urug
 18738 | Orc:2    | Reached skill level 9 in Fighting
 18890 | Orc:2    | Noticed an orc warlord
 18893 | Orc:2    | Noticed an orc high priest
 18917 | Orc:2    | Killed an orc warlord
 18917 | Orc:2    | Killed an orc high priest
 19238 | Orc:2    | Reached skill level 10 in Fighting
 19487 | Orc:2    | Found a roughly hewn altar of Beogh.
 19492 | Orc:2    | Found Dof Vit's General Store.
 19615 | Orc:2    | Found Laser's Book Shoppe.
 19711 | Orc:2    | Found Ituoxkim's Antique Armour Shoppe.
 19741 | Orc:2    | Found Xicamar's Antique Weapon Shoppe.
 20078 | Orc:2    | Found a staircase to the Elven Halls.
 20382 | Orc:1    | Found Hium's Armour Shoppe.
 20868 | Orc:2    | Bought a pitted cloak for 266 gold pieces
 20868 | Orc:2    | Identified the +4 cloak of the Evil One {rElec rF+++ Dex-5}
                  | (You bought it in a shop on level 2 of the Orcish Mines)
 20900 | Orc:2    | Bought a box of beasts (3/3) for 280 gold pieces
 20936 | Orc:1    | Bought the ring of Ihu Daog {Fire +Blink MP+9 Str+3 SInv}
                  | for 820 gold pieces
 21271 | Lair:1   | Noticed a five-headed hydra
 21277 | Lair:1   | Killed a five-headed hydra
 21290 | Lair:1   | Reached skill level 11 in Fighting
 21465 | Lair:1   | Reached *** piety under Ashenzari
 21587 | Lair:1   | Noticed Maggie
 21593 | Lair:1   | Killed Maggie
 21696 | Lair:1   | Gained mutation: You regenerate magic rapidly. [demonic
                  | ancestry]
 21696 | Lair:1   | Reached XP level 13. HP: 106/106 MP: 4/26
 22232 | Lair:2   | Found a hole to the Spider Nest.
 22284 | Lair:2   | Identified the +4 chain mail of Uhedwud {rPois Regen+ MP-9
                  | Stlth+}
 22287 | Lair:2   | Reached skill level 12 in Fighting
 22298 | Lair:2   | Reached skill level 1 in Shields
 22862 | Lair:3   | Found a frozen archway.
 22873 | Lair:3   | Reached **** piety under Ashenzari
 22897 | IceCv    | Entered an ice cave
 22924 | IceCv    | Found a transporter.
 22990 | IceCv    | Found a transporter.
 23358 | Lair:3   | Reached skill level 5 in Shields
 23597 | Orc:2    | Bought a book of Clouds for 630 gold pieces
 23626 | Orc:1    | Bought a +1 pair of gloves of strength for 231 gold pieces
 23633 | Orc:1    | Learned a level 6 spell: Freezing Cloud
 24081 | Lair:3   | Reached skill level 1 in Ice Magic
 24418 | Lair:3   | Reached skill level 5 in Staves
 24482 | Lair:3   | Noticed Snorg
 24489 | Lair:3   | Killed Snorg
 24533 | Lair:3   | Reached ***** piety under Ashenzari
 25064 | Lair:4   | Reached skill level 5 in Air Magic
 25266 | Lair:4   | Found a staircase to the Shoals.
 25360 | Lair:4   | Identified the +3 spear "Ohavvig" {vorpal, rC+ SInv}
 25943 | Lair:5   | Found a gate leading to a gauntlet.
 25954 | Lair:5   | Gained mutation: You are completely covered in slimy green
                  | scales. (AC +4, rPois) [demonic ancestry]
 25954 | Lair:5   | Reached XP level 14. HP: 115/115 MP: 27/27
 25956 | Gauntlet | Entered a Gauntlet
 25956 | Gauntlet | Found a transporter.
 25975 | Gauntlet | Found a transporter.
 25990 | Gauntlet | Found a transporter.
 25995 | Gauntlet | Found a transporter.
 26010 | Gauntlet | Found a transporter.
 26029 | Gauntlet | Found a transporter.
 26041 | Gauntlet | Found a transporter.
 26043 | Gauntlet | Identified the ring "Fotywaos" {rC++ AC+4 Str+3 Stlth-}
 26059 | Gauntlet | Found a transporter.
 26065 | Gauntlet | Found a transporter.
 26074 | Gauntlet | Found a transporter.
 26080 | Gauntlet | Found a transporter.
 26080 | Gauntlet | Found a transporter.
 26095 | Gauntlet | Found a transporter.
 26101 | Gauntlet | Found a transporter.
 26140 | Gauntlet | Found a transporter.
 26165 | Gauntlet | Found a transporter.
 26166 | Gauntlet | Identified the amulet "Xiecozxa" {Acrobat rElec Dex-3
                  | Slay+5 SInv}
 26167 | Gauntlet | Found a transporter.
 26187 | Gauntlet | Found a transporter.
 26383 | Gauntlet | Reached skill level 5 in Conjurations
 26551 | Gauntlet | Identified the ring "Fuysor" {*Tele rN+ Int+4 Dex+2}
 26809 | Lair:5   | Identified the +5 chain mail of Vexation {+Inv rPois rC-
                  | Int-5}
 26899 | Lair:5   | Reached skill level 1 in Armour
 27554 | Lair:5   | Identified the +8 short sword "Xeutek" {freeze, Int+4
                  | Dex+6}
 27887 | Lair:6   | Entered Level 6 of the Lair of Beasts
 27887 | Lair:6   | Found a staircase to the Slime Pits.
 27994 | Lair:6   | HP: 3/115 [acid (10)]
 28001 | Lair:6   | HP: 5/115 [lindwurm (4)]
 28002 | Lair:6   | Slain by a hornet

Illustrated notes

Levels and vault maps discovered:
D:1:      minmay_arrival_four_circles, layout_loops_ring
D:2:      layout_basic
D:3:      layout_rooms
D:4:      layout_basic, grunt_ministairs_2
D:5:      minmay_bubble_buster, layout_basic, basic_altar, uniq_grinder
D:6:      layout_loops_cross
D:7:      layout_gridville, kennysheep_little_box,
          minmay_temple_entry_stoned_glass
D:8:      layout_basic, zin_academy, nicolae_overflow_crystal_walls,
          kennysheep_mini_moat, enter_bailey_3, basic_altar,
          guppyfry_early_elven_hall, uniq_maurice
D:9:      layout_irregular_city, lemuel_crystal_altar, old_standard_altar,
          due_lair_maze_entry_diamond, basic_altar, lemuel_oklob_altar,
          uniq_prince_ribbit1, uniq_psyche
D:10:     layout_long_grid, orc_0_dummy
Temple:   eino_temple_scatter_basement
Lair:1:   layout_loops_ring, special_room [special_room_bee],
          lemuel_fruit_fields, uniq_maggie
Lair:2:   layout_misc_corridors, spider_nest_entry_web_field, fungi_pond_lemuel
Lair:3:   layout_regular_city, portal_ice_cave_entry_imps, grunt_megastairs_5,
          uniq_snorg
Lair:4:   layout_loops_ring, shoals_dummy_entry, lemuel_fruit_tree,
          grunt_megastairs_2, lemuel_fruit_fields
Lair:5:   wad_woods_tower, layout_regular_city, gauntlet_entry_generic,
          ice2_lemuel
Lair:6:   hangedman_lair_tendril_chambers, layout_concentric_octagons, wormcave,
          minmay_slime_entry_oklob_open
Orc:1:    layout_diamond_mine, serial_shops, shop, shop
Orc:2:    grunt_orc_cross, layout_diamond_mine, uniq_jorgrun

Skill      XL: |  1  2  3  4  5  6  7  8  9 10 11 12 13 14 |
---------------+-------------------------------------------+-----
Dodging        | 2 3 4 7 8 |  8.4
Spellcasting   | 3 4 5 6 7 8 9 |  9.0
Poison Magic   | 4 5 7 9 |  9.0
Transmutations | 1 |  1.0
Fighting       | 3 4 5 8 11 12 | 12.0
Stealth        | 2 |  2.0
Evocations     | 3 4 |  4.7
Conjurations   | 1 4 5 |  5.3
Fire Magic     | 1 2 |  2.2
Air Magic      | 1 5 |  5.3
Necromancy     | 5 9 |  9.0
Staves         | 2 4 5 |  5.3
Shields        | 5 6 |  6.2
Ice Magic      | 2 |  2.2
Armour         | 4 |  4.5

Action                   |  1- 3 |  4- 6 |  7- 9 | 10-12 | 13-15 || total
-------------------------+-------+-------+-------+-------+-------++-------
Melee: Unarmed           |     4 |       |       |       |       ||     4
       Long sword        |    20 |    35 |       |       |       ||    55
       Staff             |       |     1 |   131 |   114 |   141 ||   387
       Quarterstaff      |       |       |     6 |       |       ||     6
Throw: Dart              |       |     4 |     1 |     1 |       ||     6
 Cast: Sting             |    37 |    14 |       |       |       ||    51
       Poisonous Vapours |    28 |    68 |    87 |   156 |    97 ||   436
       Mephitic Cloud    |     1 |     1 |    26 |    44 |    63 ||   135
       Olgreb's Toxic Ra |       |       |    17 |    47 |    22 ||    86
       Ignite Poison     |       |       |    34 |    72 |    80 ||   186
       Animate Dead      |       |       |     7 |    30 |    31 ||    68
Invok: Curse Item        |       |       |     4 |     3 |     1 ||     8
Evoke: Wand              |       |       |     4 |     4 |     4 ||    12
       Condenser vane    |       |       |       |     2 |     1 ||     3
       Box of beasts     |       |       |       |       |     3 ||     3
  Use: Scroll            |       |    17 |     7 |     5 |     8 ||    37
       Potion            |       |       |     1 |     2 |     8 ||    11
 Stab: Sleeping          |       |       |     1 |       |       ||     1
       Confused          |       |       |       |     1 |     2 ||     3
       Distracted        |       |       |       |       |     1 ||     1
       Invisible         |       |       |       |       |     1 ||     1
Armor: Robe              |     6 |       |     3 |    53 |    30 ||    92
       Leather armour    |     7 |     7 |    85 |       |       ||    99
Dodge: Dodged            |    45 |    38 |   135 |   174 |   156 ||   548
Block: Tower shield      |       |       |       |       |   125 ||   125
       Rpst.: Long sword |     4 |    12 |       |       |       ||    16

Table legend: (Time is in decaauts)
 A = Elapsed time spent in this place.
 B = Non-inter-level travel time spent in this place.
 C = Inter-level travel time spent in this place.
 D = Time resting spent in this place.
 E = Time spent auto-exploring this place.
 F = Levels seen in this place.
 G = Mean time per level.
                   A        B        C        D        E       F      G
               +--------+--------+--------+--------+--------+-----+--------+
         Total |  28186 |  26828 |   1358 |  11084 |  11714 |  22 | 1281.2 |
       Dungeon |  16331 |  15688 |    643 |   6766 |   6774 |  10 | 1633.1 |
        Temple |    210 |    189 |     21 |      0 |    186 |   1 |  210.0 |
          Lair |   5699 |   5401 |    298 |   1146 |   3398 |   6 |  949.8 |
  Orcish Mines |   4568 |   4173 |    395 |   2573 |   1046 |   2 | 2284.0 |
        Bailey |    332 |    332 |      0 |    254 |      3 |   1 |  332.0 |
      Ice Cave |    431 |    431 |      0 |    343 |      0 |   1 |  431.0 |
      Gauntlet |    611 |    611 |      0 |      2 |    306 |   1 |  611.0 |
               +--------+--------+--------+--------+--------+-----+--------+

Top non-repeatable levels by time:
   Orc:1: 2878 daAuts
     D:5: 2746 daAuts
     D:9: 1899 daAuts
     D:2: 1797 daAuts
   Orc:2: 1689 daAuts
     D:8: 1607 daAuts
     D:4: 1584 daAuts
     D:1: 1584 daAuts
     D:6: 1514 daAuts
    D:10: 1482 daAuts
  Lair:5: 1406 daAuts
  Lair:3: 1346 daAuts
  Lair:1: 1119 daAuts
     D:7: 1099 daAuts
     D:3: 1017 daAuts
